 Dungeon Sprint DCSS version 0.19-a0-1401-g902f63d (webtiles) character file.

623 poirepourri the Fighter (level 7, -15/58 HPs)
             Began as a Gargoyle Fighter on Sept 4, 2016.
             Was an Initiate of Cheibriados.
             Demolished by Sonja
             ... wielding a +0 dagger of distortion
              (17 damage)
             ... in the Dungeon (Sprint I: "Red Sonja").
             The game lasted 00:01:36 (973 turns).

poirepourri the Fighter (Gargoyle Fighter)           Turns: 973, Time: 00:01:36

Health: -15/58     AC: 11    Str: 21    XL:     7   Next: 46%
Magic:  4/7        EV:  8    Int: 10    God:    Cheibriados [......]
Gold:   405        SH:  9    Dex: 11    Spells: 0 memorised, 6 levels left

rFire  . . .     SeeInvis .     a - +0 flail
rCold  . . .     Gourm    .     b - +0 scale mail
rNeg   + . .     Faith    .     c - +0 shield
rPois  ∞         Spirit   .     (no helmet)
rElec  +         Dismiss  .     (no cloak)
rCorr  .         Reflect  .     (no gloves)
MR     .....     Harm     .     (no boots)
Stlth  .......... NoTele   +    (no amulet)
                                (no ring)
                                (no ring)

@: very slow
A: negative energy resistance 1, electricity resistance, unbreathing,
petrification resistance, rot immunity, AC +4
a: Bend Time, Renounce Religion


You were in the Dungeon.
You worshipped Cheibriados.
Cheibriados was noncommittal.
You were hungry.

You visited 1 branch You collected 405 gold pieces.

Inventory:

Hand Weapons
 a - a +0 flail (weapon)
Armour
 b - a +0 scale mail (worn)
 c - a +0 shield (worn)
Wands
 d - a wand of digging (18/24)
Scrolls
 k - 2 scrolls of blinking
Potions
 h - a potion of cancellation
 i - 2 potions of magic
 j - a potion of berserk rage
Comestibles
 f - a bread ration
 m - a slice of pizza


   Skills:
 + Level 13.7 Fighting
 + Level 8.7 Maces & Flails
 - Level 3.2 Armour
 + Level 2.5 Dodging
 - Level 3.2 Shields


You had 6 spell levels left.
You didn't know any spells.

Dungeon Overview and Level Annotations

Branches:
Dungeon (1/1)

Altars:
Cheibriados
Dithmenos
Elyvilon
Fedhas
Gozag
Hepliaklqana
Kikubaaqudgha
Makhleb
Nemelex Xobeh
Okawaru
Qazlal
Ru
Sif Muna
Trog
Uskayaw
Vehumet
Xom
Yredelemnul
Zin
The Shining One
Jiyva
Lugonu

Shops:
D *

Annotations:
D Sonja


Innate Abilities, Weirdness & Mutations

You are resistant to torment.
Your stone body is resilient. (AC +4)
You are immune to poison.
You resist negative energy. (rN+)
You are resistant to electric shocks. (rElec)
You can survive without breathing.
You are immune to petrification.
You are immune to rotting.


Message History

You are feeling hungry.
Sonja unwields an uncursed blowgun.
Sonja wields an uncursed dagger of distortion.
Its appearance distorts for a moment.
Sonja hits you but does no damage. Sonja barely misses you.
Sonja completely misses you. You block Sonja's attack.
Sonja hits you with an uncursed dagger of distortion.
Space warps horribly around you!
* * * LOW HITPOINT WARNING * * *
Sonja hits you but does no damage. Space bends around you.
* * * LOW HITPOINT WARNING * * *
Unknown command.
You feel better. Sonja hits you but does no damage. Space bends around you.
* * * LOW HITPOINT WARNING * * *
Sonja hits you but does no damage.
You feel a strange sense of stasis. You block Sonja's attack.
You miss Sonja.
Sonja hits you with an uncursed dagger of distortion.
* * * LOW HITPOINT WARNING * * *
Space warps horribly around you!
You die...

######################
#<.#..').#.)'..#__#..+
#..').#..'..#..'..'..#
#..#####'#####'#__####
#..####..#...#.####
#..#__####..##.#
#..#_____##'#..+
#⌠⌠#_.∩...÷.K._#
####_..__##_@#'#
#_____###(#.# #######
#.### +$.$+ #$.$#
##.## #+#


You could see Sonja.

Vanquished Creatures
  A slime creature (D)
  Sigmund (D)
  A yak (D)
  An ogre (D)
  A jelly (D)
  Ijyb (D)
6 creatures vanquished.

Vanquished Creatures (others)
  A gargoyle (D)
1 creature vanquished.

Grand Total: 7 creatures vanquished

Notes
Turn   | Place    | Note
-------+----------+-------------------------------------------
     0 | D        | poirepourri the Gargoyle Fighter began the quest for the Orb.
     0 | D        | Reached XP level 1. HP: 14/14 MP: 1/1
     2 | D        | Noticed Ijyb
     9 | D        | Killed Ijyb
     9 | D        | Reached skill level 6 in Fighting
     9 | D        | Reached XP level 2. HP: 22/22 MP: 2/2
     9 | D        | Reached XP level 3. HP: 27/27 MP: 3/3
    14 | D        | Noticed an ogre
    20 | D        | HP: 1/27 [ogre/giant club (18)]
    22 | D        | Killed an ogre
    22 | D        | Reached skill level 9 in Fighting
    22 | D        | Reached skill level 5 in Maces & Flails
    22 | D        | Reached skill level 1 in Dodging
    22 | D        | Reached XP level 4. HP: 1/36 MP: 4/4
   321 | D        | Noticed Sigmund
   340 | D        | Killed Sigmund
   340 | D        | Reached skill level 11 in Fighting
   340 | D        | Reached XP level 5. HP: 20/44 MP: 5/5
   340 | D        | Reached XP level 6. HP: 22/49 MP: 6/6
   532 | D        | Found a deep blue altar of Sif Muna.
   534 | D        | Found a radiant altar of Vehumet.
   569 | D        | Found Ragiuttite's General Store.
   569 | D        | Found an ancient bone altar of Kikubaaqudgha.
   569 | D        | Found a hazy altar of Hepliaklqana.
   569 | D        | Found a stormy altar of Qazlal.
   569 | D        | Found a hide-covered altar of Uskayaw.
   569 | D        | Found a blossoming altar of Fedhas.
   569 | D        | Found a bloodstained altar of Trog.
   569 | D        | Found an iron altar of Okawaru.
   569 | D        | Found a basalt altar of Yredelemnul.
   569 | D        | Found a glowing golden altar of the Shining One.
   569 | D        | Found a snail-covered altar of Cheibriados.
   569 | D        | Found a sacrificial altar of Ru.
   569 | D        | Found a glowing silver altar of Zin.
   569 | D        | Found a shadowy altar of Dithmenos.
   569 | D        | Found a white marble altar of Elyvilon.
   569 | D        | Noticed a yak
   579 | D        | Killed a yak
   579 | D        | Reached skill level 13 in Fighting
   579 | D        | Reached XP level 7. HP: 29/57 MP: 7/7
   580 | D        | Found an opulent altar of Gozag.
   581 | D        | Found a sparkling altar of Nemelex Xobeh.
   587 | D        | Became a worshipper of Cheibriados the Contemplative
   746 | D        | Found a burning altar of Makhleb.
   746 | D        | Found a viscous altar of Jiyva.
   746 | D        | Found a shimmering altar of Xom.
   746 | D        | Found a corrupted altar of Lugonu.
   746 | D        | Noticed a slime creature
   757 | D        | Killed a slime creature
   939 | D        | Killed a gargoyle
   959 | D        | Noticed Sonja
   971 | D        | HP: 2/58 [Sonja/uncursed dagger of distortion (3)]
   973 | D        | Demolished by Sonja

Vault maps used:
D:        dungeon_sprint_1

Skill      XL: |  1  2  3  4  5  6  7 |
---------------+----------------------+-----
Fighting       | 6 9 11 13 | 13.7
Maces & Flails | 3 5 6 7 8 |  8.7
Dodging        | 1 2 |  2.5
Armour         | |  3.2
Shields        | |  3.2

Action                   |  1- 3 |  4- 6 |  7- 9 || total
-------------------------+-------+-------+-------++-------
Melee: Flail             |    12 |    26 |    17 ||    55
Invok: Bend Time         |       |       |     1 ||     1
  Use: Potion            |     1 |     1 |     2 ||     4
       Scroll            |       |       |     1 ||     1
Armor: Scale mail        |     1 |     4 |    13 ||    18
Dodge: Dodged            |     3 |     9 |    11 ||    23
Block: Shield            |     6 |     4 |    15 ||    25
